Tilon, neutral male gnomish Wizard ------ |....| |....| --- --- |<...| .. . |....| ..------|----- --.--- .......|. |.. # |.|....|. |.. # |.---|-..-|.. |- ### # .......|...I. n| | # # ### |.----.|..-|---.|..| .| | ### #########..|..-.-|--..B.o.|......-.._. ## ### |.|..|......f(.....- ----.---- # |.|----|--.----+-- |.......|### |.| .. |.+ |.......|# |.| |(((|.| |........# |.| |(((|.- --------- |.- -----. |. . --- --- Tilon the Conjurer Experience level: 4 Strength: 10 Dexterity: 13 Constitution: 14 Intelligence: 17 Wisdom: 10 Charisma: 13 Health: 0(22) Energy: 4(34) Def: 2 Gold: 320 Moves: 2014 Dungeon seed: 4Vt03yipMCOhs59q Game ID: Tilon_1485644776 Your Inventory: Coins $ - 320 gold pieces Weapons a - a blessed +1 quarterstaff u - a +0 orcish dagger (weapon in hand) Armor e - an uncursed +0 cloak of magic resistance (being worn) y - an uncursed rusty +0 dwarvish iron helm (being worn) z - an uncursed +0 pair of iron shoes Comestibles p - an uncursed food ration Scrolls i - an uncursed scroll of identify j - an uncursed scroll of food detection k - an uncursed scroll of light Spellbooks l - a blessed spellbook of force bolt m - an uncursed spellbook of detect monsters Potions f - an uncursed potion of extra healing g - an uncursed potion of monster detection A - an uncursed potion of healing Rings c - an uncursed ring of regeneration d - an uncursed ring of searching (on left hand) x - an uncursed ring of fire resistance (on right hand) Wands b - a wand of make invisible (0:7) Tools n - a magic marker (0:97) r - an uncursed towel Gems q - 2 uncursed worthless pieces of violet glass N - an uncursed worthless piece of white glass Y - an uncursed fluorite stone Spells and supernatural/magical abilities: Name Level Category Fail Memory a - force bolt 1 attack 0% 90% n - detect monsters 1 divination 0% 90% W - pray for help -- divine ? -- Your skills at the end: Fighting Skills Weapon Skills quarterstaff [Basic] Spellcasting Skills attack spells [Basic] enchantment spells [Basic] Final Attributes: You were haltingly aligned. You were fire resistant. You were magic-protected. You had automatic searching. You had infravision. You were invisible. You are dead. Vanquished creatures: 2 giant ants 2 dwarves a kobold shaman a rothe a giant bat 3 monkeys 3 iguanas a gas spore 2 hobbits a large kobold 2 cave spiders a yellow mold 2 red molds 2 gnomes 4 geckos 6 jackals a fox a kobold 2 goblins 6 grid bugs a bat 3 lichens 5 newts 53 creatures vanquished. Voluntary challenges: You were an atheist. You used a wielded weapon 28 times, starting on turn 324. You were illiterate. You never genocided any monsters. You never polymorphed an object. You never changed form. You used no wishes. You never split a pudding. You never wrote Elbereth's name. You violated your moral code, losing 38 points of alignment, starting on turn 740. Dungeon overview: The Dungeons of Doom: levels 1 to 2 Level 1 an altar to Anhur a long staircase Level 2 stairs to The Gnomish Mines The Gnomish Mines: levels 3 to 5 Level 3 stairs to The Dungeons of Doom Level 4 Level 5 <- You were here a lighting shop, a temple to Ptah, a fountain History has recorded: On T:1 you entered the Dungeons of Doom to retrieve the Amulet of Yendor! On T:323 you reached level 2 of The Dungeons of Doom. On T:544 you reached level 1 of The Gnomish Mines. On T:740 you advanced to experience level 2. On T:829 you advanced to experience level 3. On T:1219 you reached level 2 of The Gnomish Mines. On T:1243 you advanced to experience level 4. On T:1885 you reached level 3 of The Gnomish Mines. Score breakdown: Gold: 320 ( 8526 points) Experience: 4 levels ( 9649 points) Exploration: 5 levels ( 10.42%) ( 8751 points) Discoveries: 1 item ( 0.35%) ( 1770 points) Valuables value: (no points given unless you survive) Artifact value: 0 ( 0 points) Variety of kills: 23 monsters ( 6.04%) ( 7370 points) Turncount: 2014 turns ( -11 points) Survival: died (score multiplied by 80%) Total score: 28844 Latest messages: You hear a blast. The giant bat just misses! You miss the goblin. The goblin wields a crude dagger! You hit the goblin. The giant bat bites! You see a door open. The giant bat bites! The spell misses the giant bat. The giant bat bites! The housecat bites the giant bat. The giant bat misses the housecat. The goblin thrusts her crude dagger. The goblin hits! The housecat bites the giant bat. Gee! All of a sudden, you can't see yourself. The giant bat bites! You die... Final status: Goodbye Tilon the Wizard, killed by a giant bat... You died in The Gnomish Mines on dungeon level 5 with 28844 points, and 320 pieces of gold, after 2014 moves. You were level 4 with a maximum of 22 hit points when you died.